 Dungeon Crawl Stone Soup version 0.22.1-2-g9c5b331 (webtiles) character file.

221190 toffzen the Sharpshooter (level 19, -9/119 (122) HPs)
             Began as a Kobold Berserker on Dec 19, 2018.
             Was a High Priest of Trog.
             Killed from afar by Nikola (29 damage)
             ... with a chain lightning
             ... on level 4 of the Snake Pit on Dec 20, 2018.
             The game lasted 02:14:22 (49324 turns).

toffzen the Sharpshooter (Kobold Berserker)        Turns: 49324, Time: 02:14:23

HP:   -9/119 (122)  AC: 23    Str: 23    XL:     19   Next: 96%
MP:   0/25          EV: 18    Int:  8    God:    Trog [*****.]
Gold: 2486          SH:  0    Dex: 15    Spells: 18/18 levels left

rFire    + . .     SeeInvis +   a - +2 morningstar (freeze)
rCold    + . .     Gourm    .   (shield restricted)
rNeg     . . .     Faith    .   R - +3 plate armour {rC+}
rPois    +         Spirit   +   p - +2 hat
rElec    .         Reflect  .   y - scarf {Spirit}
rCorr    .         Harm     .   t - +0 pair of gloves
MR       +....                  z - +0 pair of boots
Stlth    ..........             (no amulet)
HPRegen  0.29/turn              B - ring of protection from fire
MPRegen  0.19/turn              M - ring "Muudac" {+Blink rPois Str+4 Int-3 SInv}

@: no status effects
A: small, carnivore
}: 1/15 runes: decaying
a: Berserk, Trog's Hand, Brothers in Arms, Renounce Religion, Evoke Blink


You were on level 4 of the Snake Pit.
You worshipped Trog.
Trog was extremely pleased with you.
You were very full.

You visited 5 branches of the dungeon, and saw 31 of its levels.
You also visited: Labyrinth and Volcano.

You collected 2909 gold pieces.
You spent 423 gold pieces at shops.

Inventory:

Hand Weapons
 a - a +2 morningstar of freezing (weapon)
 b - the +6 arbalest of Blood-Lust {velocity, rElec}
   (You found it in a labyrinth)

   Any bolt fired from it inflicts extra damage.
   It insulates you from electricity.
 W - a +5 triple crossbow of freezing
Missiles
 o - 721 stones (quivered)
 v - 455 bolts
Armour
 l - a +1 buckler of resistance
 p - a +2 hat (worn)
 t - a +0 pair of gloves (worn)
 y - a scarf of spirit shield (worn)
 z - a +0 pair of boots (worn)
 R - a +3 plate armour of cold resistance (worn)
Jewellery
 B - a ring of protection from fire (left hand)
 M - the ring "Muudac" (right hand) {+Blink rPois Str+4 Int-3 SInv}
   (You bought it in a shop on level 10 of the Dungeon)

   [ring of see invisible]

   It affects your strength (+4).
   It affects your intelligence (-3).
   It protects you from poison.
   It lets you see invisible.
   It lets you blink.
 S - an uncursed ring of resist corrosion
Wands
 s - a wand of enslavement (18)
 G - a wand of paralysis (16)
 H - a wand of scattershot (3)
 I - a wand of flame (114)
 O - a wand of digging (17)
 T - a wand of disintegration (13)
 V - a wand of acid (21)
 Y - a wand of iceblast (7)
Scrolls
 d - 12 scrolls of remove curse
 e - 5 scrolls of enchant armour
 g - 5 scrolls of fog
 j - 4 scrolls of fear
 q - 14 scrolls of teleportation
 r - 2 scrolls of magic mapping
 A - 2 scrolls of enchant weapon
 C - a scroll of torment
 E - a scroll of summoning {unknown}
 P - a scroll of noise {unknown}
 Q - 2 scrolls of blinking
 X - 2 scrolls of vulnerability
Potions
 f - 5 potions of mutation
 h - 16 potions of curing
 i - 2 potions of berserk rage
 k - 3 potions of haste
 m - 3 potions of invisibility
 n - 5 potions of lignification
 u - a potion of magic
 w - 7 potions of resistance
 x - 6 potions of might
 D - 5 potions of cancellation
 F - a potion of heal wounds
 J - 6 potions of agility
 N - 2 potions of ambrosia
 Z - 3 potions of flight
Miscellaneous
 L - a phantom mirror
 U - a sack of spiders
Comestibles
 c - 39 rations


   Skills:
 + Level 14.7 Fighting
 + Level 14.6 Maces & Flails
 * Level 17.4 Crossbows
 + Level 11.5 Armour
 + Level 15.6 Dodging
 + Level 5.2 Shields
 - Level 8.0 Evocations


You had 18 spell levels left.
You didn't know any spells.
Your spell library was empty.

Dungeon Overview and Level Annotations

Branches:
Dungeon (15/15)            Temple (0/1) D:6            Lair (6/6) D:9
  Swamp (4/4) Lair:4        Snake (4/4) Lair:2        Slime (0/5) Lair:6
    Orc (2/2) D:11            Elf (0/3) Orc:2        Vaults (0/5) D:13
 Depths (0/5) D:15

Altars:
Ashenzari
Gozag
Makhleb
Nemelex Xobeh
Qazlal
Ru
Uskayaw
Xom
The Shining One
Beogh

Shops:
D:10 =   D:15 *   Orc:2 :*[(

Portals:
Hell: Lair:6

Annotations:
D:14 exclusion: orange crystal statue, Roxanne
Lair:6 exclusion: oklob plant
Snake:3 Vashnia
Snake:4 Nikola
Orc:1 3 runed doors, whitewolfNL's ghost, journeyman MiBe


Innate Abilities, Weirdness & Mutations

You are small and have problems with some larger weapons.
You are carnivorous and can eat meat at any time.


Message History

Press: ? - help, Shift-Dir - straight line, f/p - Nikola
Aim: Nikola, wielding a rapier of electrocution, wearing a cloak and wearing a The bolt of acid hits Nikola.
Nikola is splashed with acid.
Nikola is heavily wounded.
Evoke which item? (* to show all) (? for menu, Esc to quit)
Aiming: Corrosive Bolt
Press: ? - help, Shift-Dir - straight line, f/p - Nikola
Aim: Nikola, wielding a rapier of electrocution, wearing a cloak and wearing a The bolt of acid hits Nikola.
Nikola is splashed with acid.
The acid corrodes Nikola!
Nikola is heavily wounded.
Your +2 morningstar of freezing glows with a cold blue light!
a - a +2 morningstar of freezing (weapon)
Nikola gestures wildly while chanting.
You hear a mighty clap of thunder!
The lightning arc hits you!
The lightning arc hits Nikola.
The lightning arc hits you!
* * * LOW HITPOINT WARNING * * *
The lightning arc hits Nikola.
The lightning arc hits you!
You die...

##......######...## #.....#....
##......##.......#####..#..#####
###................##..##..# #
##.......##.............##
##......##...####......#
#.......#...# #####..#
##........#..# ###..#
#..#.........######....#
#..###.....@.@...((....### ##.##
###..........(......### #..#
##......######......# #####.##
#....### #....... #..#..#
##.....####*#.....(. ##....#
##..............#... ##..##
##..####............. ##..##
#..## ####.......... ##...###
##..# ###........


You could see Nikola.

Vanquished Creatures
  A bone dragon (Swamp:4)
  A thorn hunter (Swamp:2)
  5 nagarajas
  Louise (Swamp:3)
  An orc warlord (Orc:2)
  2 entropy weavers (Lair:6)
  A dire elephant (Lair:6)
  A minotaur (Lab)
  A fire dragon (D:15)
  3 vault guards (D:13)
  14 hydras
  6 naga warriors
  3 ghost crabs
  A two-headed ogre (shapeshifter) (D:15)
  4 anacondas
  A tengu warrior (D:11)
  3 centaur warriors
  A queen ant (Lair:6)
  7 two-headed ogres
  13 alligators
  5 death yaks
  7 naga sharpshooters
  4 orc high priests
  6 shock serpents
  A sixfirhy (Lair:6)
  A salamander mystic (Snake:1)
  8 skeletal warriors
  5 unseen horrors
  2 wizards
  3 spriggan druids (Swamp:4)
  A swamp dragon (shapeshifter) (D:15)
  A phantasmal warrior (Swamp:4)
  4 naga ritualists
  3 spectral hydras (Swamp:4)
  6 shambling mangroves
  2 swamp dragons
  5 orc knights
  A deep elf mage (D:15)
  2 necromancers (D:13)
  5 mana vipers
  7 orc sorcerers
  2 manticores
  A wolf spider (D:15)
  A salamander (Volcano)
  11 ugly things
  3 cyclopes
  An oklob plant (Swamp:4)
  6 centaur zombies
  3 elephants (Lair:5)
  A guardian serpent (Snake:2)
  14 black mambas
  3 gargoyles
  6 naga magi
  2 orange demons (Lair:6)
  2 torpor snails (Lair:6)
  8 komodo dragons
  A kobold demonologist (D:15)
  2 rime drakes (Lair:6)
  10 spiny frogs
  3 yaktaurs (D:13)
  6 swamp worm zombies (Swamp:4)
  A hellwing (Lair:6)
  2 ice devils (Lair:6)
  A red devil (Lair:6)
  2 tengu conjurers (D:15)
  4 hydra zombies (Swamp:4)
  A queen bee (D:12)
  8 trolls
  9 bog bodies
  A meliai (D:13)
  A jumping spider (shapeshifter) (D:15)
  A harpy skeleton (D:14)
  9 slime creatures
  7 tyrant leeches
  20 hornets
  A spectral swamp dragon (Swamp:4)
  12 dream sheep (Lair:6)
  13 hippogriffs
  6 blink frogs
  2 alligator zombies (Swamp:4)
  A redback (D:13)
  12 spriggans
  A centaur simulacrum (D:15)
  A vampire (D:14)
  2 shadows
  3 wraiths
  Sigmund (D:2)
  Eustachio (D:6)
  36 yaks
  2 fire bats (Volcano)
  5 wyverns
  16 humans (D:13)
  A steam dragon (D:7)
  5 hungry ghosts
  24 vampire mosquitoes
  11 insubstantial wisps
  14 swamp worms
  3 wargs
  21 nagas
  An acid dragon (D:11)
  10 water moccasins
  15 soldier ants (Lair:6)
  8 porcupines
  6 hell hounds
  12 swamp drakes
  3 black bears
  2 hornet zombies
  43 orc warriors
  An ice beast (D:15)
  5 sky beasts
  2 eyes of draining
  5 phantoms
  3 swamp dragon zombies (Swamp:4)
  A necrophage (D:13)
  8 ogres
  12 wolves
  7 centaurs
  22 crocodiles
  7 big kobolds
  20 bullfrogs
  2 wyvern skeletons
  3 scorpions
  21 killer bees
  9 wights
  3 vampire bats (Lair:6)
  6 howler monkeys
  11 crimson imps
  2 bullfrog zombies
  A quasit (D:8)
  27 orc priests
  8 hounds
  2 jellies (D:7)
  32 orc wizards
  2 bullfrog skeletons
  7 centaur skeletons
  7 iguanas
  A spectral swamp drake (Swamp:4)
  20 worker ants
  A killer bee zombie (D:5)
  A worker ant zombie (D:10)
  11 adders
  3 swamp drake zombies (Swamp:4)
  2 oozes
  3 adder zombies
  3 worms
  3 dart slugs
  3 leopard geckos
  98 orcs
  15 bats
  6 giant cockroaches
  11 goblins
  7 hobgoblins
  8 jackals
  6 quokkas
  4 frilled lizards
  A jackal zombie (D:6)
  13 kobolds
  A leopard gecko zombie (D:6)
  A quokka skeleton (D:4)
  A quokka zombie (D:9)
  10 rats
  A fungus (Lair:6)
  A plant (Lair:2)
1067 creatures vanquished.

Vanquished Creatures (collateral kills)
  Saint Roka (Snake:2)
  An anaconda (Snake:2)
  3 black mambas (Snake:2)
  2 nagas (Snake:2)
  An orc (Snake:2)
8 creatures vanquished.

Vanquished Creatures (others)
  A briar patch (Swamp:2)
  29 fungi
  19 plants
49 creatures vanquished.

Grand Total: 1124 creatures vanquished

Notes
Turn   | Place    | Note
-------+----------+-------------------------------------------
     0 | D:1      | toffzen the Kobold Berserker began the quest for the Orb.
     0 | D:1      | Reached XP level 1. HP: 14/14 MP: 1/1
   188 | D:1      | Reached XP level 2. HP: 13/19 MP: 2/2
   725 | D:1      | Reached XP level 3. HP: 23/23 MP: 3/3
   746 | D:1      | Reached ** piety under Trog
  1115 | D:2      | Noticed Sigmund
  1129 | D:2      | Reached XP level 4. HP: 29/29 MP: 4/4
  1136 | D:2      | Killed Sigmund
  1136 | D:2      | Reached XP level 5. HP: 33/33 MP: 5/5
  1136 | D:2      | Reached XP level 6. HP: 38/38 MP: 6/6
  1184 | D:2      | Found a burning altar of Makhleb.
  2346 | D:3      | Found a hide-covered altar of Uskayaw.
  2764 | D:3      | Noticed a hungry ghost
  2789 | D:3      | Killed a hungry ghost
  2789 | D:3      | Reached XP level 7. HP: 28/44 MP: 7/7
  3420 | D:4      | Reached *** piety under Trog
  3584 | D:4      | Reached skill level 5 in Maces & Flails
  4204 | D:4      | Reached skill level 5 in Fighting
  4561 | D:5      | Entered Level 5 of the Dungeon
  4904 | D:5      | Reached skill level 5 in Dodging
  4904 | D:5      | Reached XP level 8. HP: 47/49 MP: 8/8
  5746 | D:6      | Found a shimmering altar of Xom.
  5823 | D:6      | Found a staircase to the Ecumenical Temple.
  5857 | D:6      | Noticed Eustachio
  5872 | D:6      | Killed Eustachio
  6456 | D:5      | Reached XP level 9. HP: 50/55 MP: 7/9
  7404 | D:7      | Reached **** piety under Trog
  8058 | D:7      | Reached skill level 5 in Armour
  8169 | D:6      | Reached XP level 10. HP: 63/63 MP: 8/10
  8650 | D:8      | Noticed a two-headed ogre
  8657 | D:8      | Killed a two-headed ogre
  9089 | D:8      | Found a sacrificial altar of Ru.
  9148 | D:8      | Found a stormy altar of Qazlal.
  9647 | D:8      | You fall through a shaft for 2 floors!
  9647 | D:10     | Entered Level 10 of the Dungeon
 10130 | D:8      | Found a glowing golden altar of the Shining One.
 10329 | D:9      | Reached skill level 1 in Crossbows
 10463 | D:9      | Reached XP level 11. HP: 62/69 MP: 8/11
 10527 | D:9      | Found a staircase to the Lair.
 10534 | D:9      | Reached skill level 2 in Crossbows
 11006 | D:9      | Paralysed by a hornet for 2 turns
 11817 | D:10     | Found Zujum's Jewellery Boutique.
 11820 | D:10     | Bought the ring "Muudac" {+Blink rPois Str+4 Int-3 SInv}
                  | for 423 gold pieces
 11874 | D:10     | Reached skill level 3 in Crossbows
 12129 | D:10     | Reached skill level 10 in Maces & Flails
 12905 | D:11     | Found a staircase to the Orcish Mines.
 13028 | D:11     | Reached ***** piety under Trog
 13170 | D:11     | Noticed a cyclops
 13207 | D:11     | Noticed a skeletal warrior
 13208 | D:11     | Noticed a skeletal warrior
 13209 | D:11     | Noticed a skeletal warrior
 13209 | D:11     | Noticed a skeletal warrior
 13210 | D:11     | Noticed a skeletal warrior
 13623 | D:11     | Reached skill level 4 in Crossbows
 13672 | D:11     | Noticed a two-headed ogre
 13679 | D:11     | Killed a two-headed ogre
 14265 | D:11     | Killed a cyclops
 14358 | D:11     | Noticed a seven-headed hydra
 14367 | D:11     | Killed a seven-headed hydra
 14367 | D:11     | Reached XP level 12. HP: 76/76 MP: 9/12
 14808 | D:11     | Reached skill level 10 in Dodging
 15041 | D:11     | Killed a skeletal warrior
 15041 | D:11     | Reached skill level 5 in Crossbows
 15277 | D:11     | Found a staircase to the Orcish Mines.
 15290 | D:10     | Killed a skeletal warrior
 15363 | D:10     | Killed a skeletal warrior
 15789 | D:10     | Killed a skeletal warrior
 15864 | Lair:1   | Entered Level 1 of the Lair of Beasts
 16726 | Lair:2   | Reached skill level 10 in Fighting
 16824 | Lair:2   | Reached skill level 6 in Crossbows
 16956 | Lair:2   | Found a staircase to the Snake Pit.
 18576 | Lair:4   | Reached skill level 1 in Evocations
 18617 | Lair:4   | Reached XP level 13. HP: 79/82 MP: 12/14
 18624 | Lair:4   | Noticed a four-headed hydra
 18630 | Lair:4   | Killed a four-headed hydra
 18998 | Lair:4   | Reached skill level 7 in Crossbows
 19255 | Lair:4   | Found a staircase to the Swamp.
 19403 | Lair:5   | Found a labyrinth entrance.
 19421 | Lab      | Entered a labyrinth
 19914 | Lab      | Noticed a minotaur
 19928 | Lab      | Killed a minotaur
 19955 | Lab      | Identified the Disquisition on Fire and Contamination
 19957 | Lab      | Got a translucent arbalest
 19976 | Lair:5   | Identified the +6 arbalest of Blood-Lust {velocity, rElec}
                  | (You found it in a labyrinth)
 20265 | Lair:5   | Noticed a four-headed hydra
 20266 | Lair:5   | Noticed a seven-headed hydra
 20303 | Lair:4   | Killed a four-headed hydra
 20303 | Lair:4   | Reached skill level 8 in Crossbows
 20359 | Lair:5   | Killed a seven-headed hydra
 21102 | Lair:6   | Entered Level 6 of the Lair of Beasts
 21218 | Lair:6   | Received a gift from Trog
 21287 | Lair:6   | Reached skill level 9 in Crossbows
 21315 | Lair:6   | Noticed a six-headed hydra
 21323 | Lair:6   | Killed a six-headed hydra
 21453 | Lair:6   | Reached XP level 14. HP: 90/90 MP: 17/17
 21490 | Lair:6   | Reached skill level 5 in Evocations
 22145 | Lair:6   | Reached skill level 10 in Crossbows
 22312 | Lair:6   | Found a staircase to the Slime Pits.
 22648 | Lair:6   | Noticed a dire elephant
 22665 | Lair:6   | Killed a dire elephant
 22939 | Lair:6   | Found a burning altar of Makhleb.
 23141 | Lair:6   | Found a gateway to Hell.
 23710 | Lair:6   | Noticed an entropy weaver
 23728 | Lair:6   | Killed an entropy weaver
 23728 | Lair:6   | Reached skill level 11 in Crossbows
 23888 | Lair:6   | Noticed an entropy weaver
 23899 | Lair:6   | Killed an entropy weaver
 24431 | Lair:6   | Received a gift from Trog
 24448 | Lair:6   | Reached XP level 15. HP: 96/96 MP: 18/18
 25735 | D:12     | Received a gift from Trog
 25820 | D:12     | Received a gift from Trog
 26129 | D:13     | Reached skill level 12 in Crossbows
 26787 | D:13     | Received a gift from Trog
 27578 | D:13     | Reached skill level 13 in Crossbows
 27878 | D:13     | Found a gate to the Vaults.
 28225 | D:14     | Noticed Roxanne
 28424 | D:14     | Received a gift from Trog
 28726 | D:14     | Reached XP level 16. HP: 97/103 MP: 17/19
 28768 | D:14     | Found a shattered altar of Ashenzari.
 29620 | D:15     | Entered Level 15 of the Dungeon
 29620 | D:15     | Found an opulent altar of Gozag.
 29660 | D:15     | Found Gozag's Platinum Reserve.
 29938 | D:15     | Reached skill level 10 in Armour
 30407 | D:15     | Reached skill level 14 in Crossbows
 30523 | D:15     | Received a gift from Trog
 31113 | D:15     | Found a staircase to the Depths.
 31427 | Orc:1    | Entered Level 1 of the Orcish Mines
 31597 | D:11     | Received a gift from Trog
 31793 | Orc:1    | Paralysed by an orc sorcerer for 5 turns
 32024 | Orc:1    | Found a runed gate.
 32024 | Orc:1    | Noticed whitewolfNL's ghost (journeyman MiBe)
 32025 | Orc:1    | Found a runed gate.
 32026 | Orc:1    | Found a runed gate.
 32029 | Orc:1    | Received a gift from Trog
 32385 | Orc:1    | Found a roughly hewn altar of Beogh.
 32440 | Orc:2    | Entered Level 2 of the Orcish Mines
 32501 | Orc:2    | Found a staircase to the Elven Halls.
 32580 | Orc:2    | Received a gift from Trog
 32881 | Orc:2    | Found a dark tunnel.
 32898 | Volcano  | Entered a volcano
 33561 | Orc:2    | Received a gift from Trog
 33580 | Orc:2    | Reached skill level 1 in Shields
 33843 | Orc:2    | Reached XP level 17. HP: 100/109 MP: 12/20
 33975 | Orc:2    | Reached skill level 15 in Crossbows
 34063 | Orc:2    | Received a gift from Trog
 34082 | Orc:2    | Found Kawk's General Store.
 34083 | Orc:2    | Found Godic's Book Boutique.
 34085 | Orc:2    | Found Emuddipn's Antique Armour Boutique.
 34085 | Orc:2    | Found Asat's Antique Weapon Shop.
 34364 | Snake:1  | Entered Level 1 of the Snake Pit
 35834 | Snake:2  | Received a gift from Trog
 36080 | Snake:2  | Noticed Saint Roka
 36432 | Snake:2  | Killed Saint Roka
 37919 | Snake:3  | Found a sparkling altar of Nemelex Xobeh.
 38324 | Snake:3  | Reached skill level 16 in Crossbows
 38367 | Snake:3  | Reached XP level 18. HP: 116/116 MP: 20/24
 38430 | Snake:3  | Received a gift from Trog
 38531 | Snake:3  | Noticed Vashnia
 39110 | Swamp:1  | Entered Level 1 of the Swamp
 39548 | Swamp:1  | Received a gift from Trog
 39746 | Swamp:1  | Reached XP level 19. HP: 120/121 MP: 25/25
 40181 | Swamp:1  | Reached skill level 15 in Dodging
 40731 | Swamp:1  | Received a gift from Trog
 41259 | Swamp:2  | Identified a scroll of acquirement
 42246 | Swamp:3  | Noticed Louise
 42279 | Swamp:3  | Killed Louise
 43229 | Swamp:4  | Entered Level 4 of the Swamp
 43255 | Swamp:3  | Received a gift from Trog
 44754 | Swamp:4  | Reached skill level 17 in Crossbows
 46071 | Swamp:4  | Received a gift from Trog
 46370 | Swamp:4  | Reached skill level 5 in Shields
 46492 | Swamp:4  | Received a gift from Trog
 47820 | Swamp:4  | Noticed a bone dragon
 47842 | Swamp:4  | Killed a bone dragon
 47983 | Swamp:4  | Got a decaying rune of Zot
 48363 | Snake:4  | Entered Level 4 of the Snake Pit
 49302 | Snake:4  | Noticed Nikola
 49324 | Snake:4  | Killed from afar by Nikola

Skill      XL: |  1  2  3  4  5  6  7  8  9 10 11 12 13 14 15 16 17 18 19 |
---------------+----------------------------------------------------------+-----
Maces & Flails | 3 4 5 6 8 9 10 11 12 13 14 | 14.6
Dodging        | 3 4 5 6 7 8 9 10 11 12 13 14 15 | 15.6
Armour         | 2 3 4 5 6 7 8 9 10 11 | 11.5
Fighting       | 4 5 6 7 8 9 10 11 12 13 14 | 14.7
Crossbows      | 1 4 6 9 11 13 14 16 17 | 17.4
Evocations     | 1 4 5 8 |  8.0
Shields        | 1 3 5 |  5.2

Action                   |  1- 3 |  4- 6 |  7- 9 | 10-12 | 13-15 | 16-18 | 19-21 || total
-------------------------+-------+-------+-------+-------+-------+-------+-------++-------
Melee: Mace              |    83 |   136 |    54 |       |       |       |       ||   273
       Morningstar       |       |       |   353 |   695 |  1040 |   530 |   425 ||  3043
       Flail             |       |       |     9 |       |       |       |       ||     9
 Fire: Hand crossbow     |       |       |       |     3 |       |       |       ||     3
       Arbalest          |       |       |       |       |   241 |   506 |   308 ||  1055
Invok: Berserk           |     1 |     4 |     9 |    16 |    20 |    16 |    19 ||    85
       Trog's Hand       |     1 |       |     3 |     8 |    14 |    18 |     2 ||    46
       Brothers in Arms  |       |       |       |       |       |     2 |       ||     2
Evoke: Wand              |       |       |       |       |     1 |     2 |     6 ||     9
  Use: Scroll            |       |     6 |     8 |     9 |    13 |    11 |     8 ||    55
       Potion            |       |       |       |       |     1 |    10 |     2 ||    13
 Stab: Sleeping          |     1 |     1 |       |       |       |       |       ||     2
       Distracted        |       |       |       |       |       |     1 |       ||     1
  Eat: Chunk             |     9 |     9 |    36 |    62 |    57 |    46 |    48 ||   267
       Ration            |       |     1 |     2 |     3 |       |     4 |     2 ||    12
Armor: Leather armour    |    23 |    27 |     3 |       |       |       |       ||    53
       Plate armour      |       |       |    26 |   140 |   577 |   293 |   216 ||  1252
       Ring mail         |       |       |    79 |   108 |       |       |       ||   187
Dodge: Dodged            |    73 |   119 |   376 |   524 |   903 |   468 |   454 ||  2917
Block: Buckler           |       |       |       |       |       |     9 |       ||     9
